 Dungeon Crawl Stone Soup version 0.31-a0-217-g58bb5d79cf (webtiles) character file.

Game seed: 308398062090494375

44 qw the Shooter (level 3, -1/21 HPs)
             Began as a Gargoyle Hexslinger on July 2, 2023.
             Slain by a cerulean imp
             ... wielding a +1 spear
             ... summoned by Natasha
              (5 damage)
             ... on level 2 of the Dungeon.
             The game lasted 00:00:19 (554 turns).

qw the Shooter (Gargoyle Hexslinger)                 Turns: 554, Time: 00:00:19

Health: -1/21      AC:  7    Str: 16    XL:     3   Next: 62%
Magic:  4/4        EV: 12    Int: 15    God:
Gold:   20         SH:  0    Dex: 14    Spells: 3/4 levels left

rFire   . . .        Y - +1 sling (drain)
rCold   . . .        (no shield)
rNeg    + . .        c - +0 robe
rPois   inf          (no helmet)
rElec   +            (no cloak)
rCorr   .            (no gloves)
SInv    .            a - +1 pair of boots "Zemuar" {Will+ Str+5 Int+2}
Will    +....        (no amulet)
Stlth   +            (no ring)
HPRegen 0.23/turn    (no ring)
MPRegen 0.09/turn

%: no passive effects
@: no status effects
A: sickness immunity, AC +3, negative energy resistance 1, electricity
resistance, torment resistance 1, petrification resistance
a: no special abilities


You were on level 2 of the Dungeon.
You visited 1 branch of the dungeon, and saw 2 of its levels.

You collected 20 gold pieces.


Innate Abilities, Weirdness & Mutations

You are immune to sickness and miasma.
Your stone body is resilient. (AC +3)
You are immune to poison.
You resist negative energy. (rN+)
You are resistant to electric shocks. (rElec)
You are resistant to unholy torment.
You are immune to petrification.


   Skills:
 - Level 2.0 Fighting
 + Level 3.5 Ranged Weapons
 - Level 1.5 Dodging
 - Level 1.0 Spellcasting
 - Level 2.6 Hexes


You had 3 spell levels left.
You knew the following spells:

 Your Spells              Type           Power      Damage    Failure   Level
a - Slow                  Hex            32%        N/A       9%          1

Your spell library contained the following spells:

 Spells                   Type           Power      Damage    Failure   Level
 Inner Flame              Hex/Fire       4%         N/A       38%         3
 Portal Projectile        Hex/Tloc       8%         N/A       38%         3
 Cause Fear               Hex            4%         N/A       63%         4

Inventory:

Hand Weapons
 Y - a +1 sling of draining (weapon)
Armour
 a - the +1 pair of boots "Zemuar" (worn) {Will+ Str+5 Int+2}
   (You acquired it on level 1 of the Dungeon)

   Str:       It affects your strength (+5).
   Int:       It affects your intelligence (+2).
   Will:      It increases your willpower.
 c - a +0 robe (worn)

Dungeon Overview and Level Annotations

Branches:
Dungeon (2/15)

Altars:

Annotations:
D:2 Natasha


Message History

Natasha hisses angrily.
You shoot a sling bullet.
The sling bullet completely misses Natasha.
Natasha mumbles some strange words.
Natasha glows brightly for a moment.
You shoot a sling bullet.
The sling bullet closely misses Natasha.
You shoot a sling bullet. The sling bullet barely misses Natasha.
Natasha mumbles some strange words.
You feel disoriented.
You shoot a sling bullet. The sling bullet barely misses Natasha.
Natasha barely misses you.
You shoot a sling bullet. The sling bullet barely misses Natasha.
Natasha casts a spell at you. The magic dart hits you.
You shoot a sling bullet. The sling bullet barely misses Natasha.
Natasha casts a spell.
Natasha mumbles some strange words.
You shoot a sling bullet.
The sling bullet hits the cerulean imp but does no damage.
Natasha claws you.
The cerulean imp hits you with a +1 spear.
The cerulean imp hits you with a +0 spear.
You shoot a sling bullet.
The sling bullet barely misses the cerulean imp.
Natasha barely misses you. The cerulean imp closely misses you.
The cerulean imp barely misses you.
You shoot a sling bullet.
The sling bullet barely misses the cerulean imp.
Natasha claws you but does no damage.
The cerulean imp hits you with a +0 spear.
The cerulean imp barely misses you.
You shoot a sling bullet. The sling bullet hits the cerulean imp.
The cerulean imp is moderately wounded.
Natasha completely misses you. The cerulean imp barely misses you.
The cerulean imp closely misses you. Natasha claws you but does no damage.
You shoot a sling bullet. The sling bullet hits the cerulean imp.
The cerulean imp is heavily wounded.
The cerulean imp hits you with a +0 spear.
The cerulean imp hits you with a +1 spear.
You die...

#...# #####...#
##.......# ########
....##...###......##
....<.....#........##
...#%...............#
##..)..###..........#
#.###.# #.......5..#
#.# #.# #......@..>#
#.. #.. #.....h.5..#
... ..............##
##. ###.........?#
#..........#
#..........#
#..........#
#..........#


You could see Natasha and 2 cerulean imps.

Vanquished Creatures
  An adder (D:2)
  A worm (D:1)
  2 dart slugs (D:1)
  3 ball pythons (D:1)
  3 bats (D:1)
  3 endoplasms
  3 goblins
  2 hobgoblins (D:1)
  A quokka (D:1)
  2 frilled lizards (D:1)
  2 kobolds (D:1)
  5 rats
28 creatures vanquished.

Notes
Turn   | Place    | Note
-------+----------+-------------------------------------------
     0 | D:1      | qw the Gargoyle Hexslinger began the quest for the Orb.
     0 | D:1      | Reached XP level 1. HP: 12/12 MP: 2/2
     0 | D:1      | 0 ||| qw: Version: 0.3-a-40-ge99b1a8
     0 | D:1      | 0 ||| qw: Game counter: 63
     0 | D:1      | 0 ||| qw: Melee chars always use a shield: true
     0 | D:1      | 0 ||| qw: God list: Okawaru
     0 | D:1      | 0 ||| qw: Allow faded altars: false
     0 | D:1      | 0 ||| qw: Do Orc after clearing Dungeon:15 true
     0 | D:1      | 0 ||| qw: Do second Lair branch before Depths: true
     0 | D:1      | 0 ||| qw: Lair rune preference: random
     0 | D:1      | 0 ||| qw: Goals: Normal
     0 | D:1      | 0 ||| PLANNING D:1-11
    81 | D:1      | Reached XP level 2. HP: 16/16 MP: 3/3
   184 | D:1      | Reached skill level 3 in Ranged Weapons
   293 | D:1      | Reached XP level 3. HP: 21/21 MP: 4/4
   444 | D:1      | 444 ||| READING scroll labelled NUMIJE TUGAT.
   449 | D:1      | 449 ||| READING scroll labelled XOYMOODGHUI.
   449 | D:1      | Identified a scroll of acquirement
   449 | D:1      | 449 ||| ACQUIRING +1 pair of boots "Zemuar" {Will+ Str+5
                  | Int+2}
   449 | D:1      | Acquired the +1 pair of boots "Zemuar" {Will+ Str+5 Int+2}
   451 | D:1      | 451 ||| UPGRADING to +1 pair of boots "Zemuar" {Will+ Str+5
                  | Int+2}.
   456 | D:1      | 456 ||| READING scroll labelled ZUISUSTR XITA.
   457 | D:1      | 457 ||| READING scroll labelled NIALEF ITIUGH.
   458 | D:1      | 458 ||| READING scroll labelled DURITE BUAPECU.
   459 | D:1      | 459 ||| DROPPING scroll of poison.
   481 | D:2      | 481 ||| STAIRDANCE
   543 | D:2      | Noticed Natasha
   552 | D:2      | HP: 5/21 [cerulean imp/+0 spear[Natasha] (3)]
   554 | D:2      | Slain by a cerulean imp

Levels and vault maps discovered:
D:1:      lightli_arrival_statue_moat, layout_rooms
D:2:      layout_rooms, chequers_serial_rivers_small_a, minmay_misc_feat_plants,
          minmay_heptomino_o4, uniq_natasha, uniq_robin

Skill      XL: |  1  2 |
---------------+-------+-----
Ranged Weapons | 3 |  3.5
Fighting       | 2 |  2.0
Dodging        | |  1.5
Spellcasting   | |  1.0
Hexes          | |  2.6

Action                     || total
---------------------------++-------
   Fire: Sling             ||    77
    Use: Scroll            ||     5
 Armour: Robe              ||    13
  Dodge: Dodged            ||    23

Table legend:
 A = Non-vault XP
 B = Vault XP
 C = Vault XP percentage of total XP
 D = Non-vault monster count
 E = Vault monster count
 F = Vault count percentage of total count
                 A         B        C        D         E       F
            +---------+---------+-------+---------+---------+-------
      Total |      42 |      22 |  34.4 |      24 |       4 |  14.3
            +---------+---------+-------+---------+---------+-------
        D:1 |      39 |       7 |  15.2 |      22 |       2 |   8.3
        D:2 |       3 |      15 |  83.3 |       2 |       2 |  50.0
            +---------+---------+-------+---------+---------+-------
